 Dungeon Crawl Stone Soup version 0.28-a0-1233-g92def6ad0a (webtiles) character file.

Game seed: 1645478866794004603

70 Grim the Vexing (level 4, 21/21 HPs)
             Began as a Spriggan Enchanter on Dec 23, 2021.
             Quit the game on level 3 of the Dungeon.
             The game lasted 00:06:27 (3631 turns).

Grim the Vexing (Spriggan Enchanter)                Turns: 3631, Time: 00:06:27

Health: 21/21      AC:  2    Str:  4    XL:     4   Next: 3%
Magic:  7/9        EV: 17    Int: 18    God:
Gold:   123        SH:  0    Dex: 15    Spells: 3/8 levels left

rFire   + . .      SeeInvis +   a - +1 dagger
rCold   + . .      Faith    .   (shield restricted)
rNeg    . . .      Spirit   .   b - +0 robe
rPois   .          Reflect  .   (helmet restricted)
rElec   .          Harm     .   m - scarf {rC+ rF+}
rCorr   .          Rampage  .   (gloves unavailable)
Will    .....                   (boots unavailable)
Stlth   +++.......              f - amulet of regeneration
HPRegen 0.87/turn               (no ring)
MPRegen 0.11/turn               (no ring)

@: very quick
A: very small, no large weapons, unfitting armour, see invisible, speed 3
a: no special abilities


You were on level 3 of the Dungeon.
You visited 1 branch of the dungeon, and saw 3 of its levels.

You collected 123 gold pieces.

Inventory:

Hand Weapons
 a - a +1 dagger (weapon)
Armour
 b - a +0 robe (worn)
 m - a scarf of resistance (worn)
Jewellery
 f - an amulet of regeneration (around neck)
Scrolls
 g - a scroll of enchant armour {unknown}
 h - a scroll of summoning {unknown}
 i - 4 scrolls of teleportation {unknown}
 j - 2 scrolls of identify {unknown}
 k - 3 scrolls of immolation {unknown}
 o - a scroll of noise {unknown}
Potions
 c - a potion of invisibility
 d - 2 potions of brilliance {unknown}
 e - 3 potions of might {unknown}
 l - a potion of haste {unknown}
 n - a potion of curing {unknown}


   Skills:
 - Level 2.4 Short Blades
 - Level 2.6 Dodging
 - Level 4.4 Stealth
 - Level 2.6 Spellcasting
 * Level 4.6 Hexes
 + Level 1.5 Ice Magic


You had 3 spell levels left.
You knew the following spells:

 Your Spells              Type           Power      Damage    Failure   Level
a - Ensorcelled Hibernat  Hex/Ice        26%        N/A       8%          2
b - Confusing Touch       Hex            19%        N/A       8%          3

Your spell library contained the following spells:

 Spells                   Type           Power      Damage    Failure   Level
 Tukima's Dance           Hex            19%        N/A       8%          3
 Apportation              Tloc           4%         N/A       17%         1
 Dazzling Flash           Conj/Hex       20%        N/A       21%         3
 Portal Projectile        Hex/Tloc       20%        N/A       21%         3
 Wereblood                Tmut           2%         N/A       26%         2
 Petrify                  Tmut/Erth      2%         N/A       86%         4
 Necromutation            Tmut/Necr      1%         N/A       100%        8


Dungeon Overview and Level Annotations

Branches:
Dungeon (3/15)

Altars:

Shops:
D:1 (


Innate Abilities, Weirdness & Mutations

You are very small and have problems with some larger weapons.
You are too small for most types of armour.
You have supernaturally acute eyesight. (SInv)
You cover ground extremely quickly. (Speed+++)


Message History

There is a shaft here.
The helpless worm fails to defend itself.
You impale the worm!!
You kill the worm!
You have reached level 4!
The worm falls through a shaft!
The shaft crumbles and collapses.
The worm falls through a shaft!
The shaft crumbles and collapses.
There is a shaft here.
o - a scroll labelled XYHYFI WIN PAF You now have 123 gold pieces (gained 17).
You see here a +0 plate armour.
There is a shaft here.
A rat comes into view.
A rat is nearby!
A bat comes into view.
Found a stone staircase leading down.
A ball python comes into view.
The bat hits you.
Casting: Ensorcelled Hibernation (safe; 8% risk of failure)
Confirm with . or Enter, or press ? or * to list all spells.
Aiming: Ensorcelled Hibernation (safe; 8% risk of failure)
Press: ? - help, Shift-Dir - straight line, f - bat
Aim: a bat (chance to affect: 62%)
The bat resists with significant effort.
The bat barely misses you. The bat hits you.
The helpless rat fails to defend itself.
You impale the rat!!
You kill the rat!
The bat closely misses you. The bat hits you but does no damage.
The bat barely misses you.
You hit the bat but do no damage. The bat completely misses you.
A ball python comes into view.
You hit the bat but do no damage. The bat hits you.
You barely miss the bat. The bat misses you.
You closely miss the bat. The bat barely misses you.
The bat hits you but does no damage. The bat completely misses you.
Welcome back, Grim the Spriggan Enchanter.
Press ? for a list of commands and other information.
Are you sure you want to abandon this character and quit the game? (Confirm with "yes".)

##..............................
##....###.........####..#.##.##
#....# ##.......## #.###.#.#
#.#### ##.....## ≈≈≈ ##.# #.#
###...### #≈.. ..# #.#
###.#.#.#.###≈≈ ### #.##
#..........#
#.#.####.#.....b.###
..###..........@....# ###
##+####....>..#...# #.........#
# ##.......## #.........#
##.#.#.#S#.. ###..##...#S #..#
####


You could see a bat and a ball python (asleep).

Vanquished Creatures
  An adder (D:2)
  2 worms (D:3)
  3 ball pythons (D:1)
  7 bats
  5 endoplasms
  6 giant cockroaches
  10 goblins
  5 hobgoblins
  A quokka (D:3)
  A frilled lizard (D:1)
  4 kobolds
  4 rats
49 creatures vanquished.

Notes
Turn   | Place    | Note
-------+----------+-------------------------------------------
     0 | D:1      | Grim the Spriggan Enchanter began the quest for the Orb.
     0 | D:1      | Reached XP level 1. HP: 9/9 MP: 5/5
    20 | D:1      | Got the Handbook of Displaced Transmigration
   228 | D:1      | Found Plog's Antique Weapon Emporium.
   268 | D:1      | Reached XP level 2. HP: 13/13 MP: 6/6
   403 | D:1      | Found a faded altar of an unknown god.
   974 | D:1      | Learned a level 2 spell: Ensorcelled Hibernation
  1371 | D:2      | Reached XP level 3. HP: 16/16 MP: 5/8
  1800 | D:2      | Reached skill level 1 in Ice Magic
  2470 | D:2      | Learned a level 3 spell: Confusing Touch
  3564 | D:3      | Reached XP level 4. HP: 21/21 MP: 9/9
  3631 | D:3      | Quit the game

Illustrated notes

Levels and vault maps discovered:
D:1:      dpeg_arrival_simpleton_c, layout_basic, serial_shops, shop,
          hellmonk_ecumenical_altar_pennies_from_heaven, kennysheep_doodads,
          minmay_worlds_worst_comb
D:2:      layout_basic
D:3:      layout_loops_corners, st_stairs_4, roderic_lattice_a,
          dk_noncrumbling_2, serial_park_tiny_1, grunt_ministairs_10,
          minivault_4, minmay_misc_feat_square, chequers_serial_rivers_micro_e,
          nicolae_wormholes

Skill      XL: |  1  2  3 |
---------------+----------+-----
Short Blades   | 2 |  2.4
Hexes          | 4 |  4.6
Ice Magic      | 1 |  1.5
Dodging        | |  2.6
Stealth        | |  4.4
Spellcasting   | |  2.6

Action                   |  1- 3 |  4- 6 || total
-------------------------+-------+-------++-------
Melee: Dagger            |   133 |     5 ||   138
 Cast: Ensorcelled Hiber |    29 |     1 ||    30
       Confusing Touch   |     3 |       ||     3
 Stab: Sleeping          |    29 |     1 ||    30
       Confused          |     1 |       ||     1
Armor: Robe              |    22 |     2 ||    24
Dodge: Dodged            |    90 |     7 ||    97

Table legend: (Time is in decaauts)
 A = Elapsed time spent in this place.
 B = Non-inter-level travel time spent in this place.
 C = Inter-level travel time spent in this place.
 D = Time resting spent in this place.
 E = Time spent auto-exploring this place.
 F = Levels seen in this place.
 G = Mean time per level.
                   A        B        C        D        E       F      G
               +--------+--------+--------+--------+--------+-----+--------+
         Total |   2796 |   2763 |     33 |   1084 |   1326 |   3 |  932.0 |
       Dungeon |   2796 |   2763 |     33 |   1084 |   1326 |   3 |  932.0 |
               +--------+--------+--------+--------+--------+-----+--------+

Top non-repeatable levels by time:
     D:2: 1399 daAuts
     D:1: 895 daAuts
     D:3: 501 daAuts
